 Dungeon Crawl Stone Soup version 0.29.0-4-gdea44cf6ec (webtiles) character file.

Game seed: 4546560544630686633

572 qw the Cleaver (level 7, -1/41 HPs)
             Began as a Tengu Warper on Aug 28, 2022.
             Engulfed by a smoke demon's steam (8 damage)
             ... summoned by the player character
             ... on level 5 of the Dungeon.
             The game lasted 00:00:27 (3500 turns).

qw the Cleaver (Tengu Warper)                       Turns: 3500, Time: 00:00:28

Health: -1/41      AC:  6    Str: 13    XL:     7   Next: 34%
Magic:  11/11      EV: 13    Int: 13    God:
Gold:   261        SH:  0    Dex: 14    Spells: 10/10 levels left

rFire   . . .      SeeInvis +   a - +14 obsidian axe {vorpal, Mesm Drain Fly SInv}
rCold   . . .      Faith    .   (no shield)
rNeg    . . .      Spirit   .   m - +0 ring mail
rPois   .          Reflect  .   (helmet restricted)
rElec   .          Harm     .   (no cloak)
rCorr   .          Rampage  .   e - +0 pair of gloves
Will    .....                   (boots unavailable)
Stlth   +.........              i - amulet of regeneration
HPRegen 0.93/turn               (no ring)
MPRegen 0.12/turn               (no ring)

@: about to teleport, flying quickly and evasively, mesmerised, quick
A: beak, talons 3, nimble flight
a: no special abilities


You were on level 5 of the Dungeon.
You visited 1 branch of the dungeon, and saw 5 of its levels.
You also visited: Sewer.

You collected 309 gold pieces.
You spent 48 gold pieces at shops.


Innate Abilities, Weirdness & Mutations

You have a beak for a mouth.
You have claws for feet.
Your magical nature lets you fly swiftly and evasively.


   Skills:
 - Level 3.1 Fighting
 - Level 8.0 Axes
 - Level 1.0 Throwing
 - Level 1.1 Armour
 + Level 2.7 Dodging
 - Level 2.0 Spellcasting
 - Level 2.4 Translocations


You had 10 spell levels left.
You didn't know any spells.
Your spell library contained the following spells:

 Spells                   Type           Power      Damage    Failure   Level
 Blink                    Tloc           14%        N/A       30%         2
 Gell's Gravitas          Tloc           7%         N/A       52%         3
 Lesser Beckoning         Tloc           7%         N/A       52%         3
 Teleport Other           Tloc           7%         N/A       52%         3
 Manifold Assault         Tloc           7%         N/A       99%         5

Inventory:

Hand Weapons
 a - the +14 obsidian axe (weapon) {vorpal, Mesm Drain Fly SInv}
   (You found it in a sewer)

   It inflicts extra damage upon your enemies.
   It occasionally summons demons to assist the wielder when it strikes in
   combat.
   Its wielder is mesmerised by any visible foes.
   It cannot be unequipped while any foes are visible.
   SInv:      It lets you see invisible.
   Fly:       It grants you flight.
   Drain:     It drains your maximum health when unequipped.
 c - a +0 flail
Armour
 e - a +0 pair of gloves (worn)
 m - a +0 ring mail (worn)
Jewellery
 i - an amulet of regeneration (around neck)
Scrolls
 b - a scroll of identify
Potions
 f - 2 potions of might
 g - a potion of heal wounds
 j - 2 potions of curing
 l - a potion of haste

Dungeon Overview and Level Annotations

Branches:
Dungeon (5/15)              Sewer (visited)
 Temple: D:4-7

Altars:
Cheibriados
Elyvilon
Wu Jian

Shops:
D:3 *


Message History

The hobgoblin shouts!
You hit the ufetubus. Your kick misses the ufetubus.
The ufetubus is heavily wounded.
You hear a shout!
The ufetubus closely misses you. The ufetubus barely misses you.
The ufetubus hits you. x2
You closely miss the ufetubus. Your kick misses the ufetubus.
The ufetubus is heavily wounded.
The ufetubus hits you but does no damage.
The ufetubus completely misses you. The ufetubus closely misses you.
The ufetubus hits you.
A goblin comes into view. It is wielding a +0 sling.
You miss the ufetubus.
You claw the ufetubus, but do no damage.
The ufetubus is heavily wounded.
The ufetubus hits you but does no damage. x2
The ufetubus closely misses you. x2
You slash the ufetubus! You open a gate to Pandemonium!
A demon appears!
It doesn't seem very happy.
You break out of your daze!
You kill the ufetubus!
Visions of slaying the iguana flood into your mind.
You slice the iguana!!
You break out of your daze!
You kill the iguana!
Visions of slaying the smoke demon flood into your mind.
The smoke demon gestures at you. Something smites you!
The hobgoblin shoots a sling bullet.
The sling bullet barely misses you. The smoke demon gestures at you.
The ball of steam hits you!!
Ouch! That really hurt!
The hobgoblin shoots a sling bullet.
The sling bullet barely misses you.
Things that are here:
a +0 sling; a goblin corpse
3500 ||| READING scroll of teleportation.
As you read the scroll of teleportation, it crumbles to dust.
You feel strangely unstable.
You are engulfed in a cloud of scalding steam.
You die...

~~~~....~ .......
...... .... .g.
#g# #
.######¤####.#.##
.....$3@¤¤.......
..#####¤¤¤.......
########.##


You could see a smoke demon (summoned, mesmerising), a hobgoblin and a goblin.

Vanquished Creatures
  Pargi (Sewer)
  A phantom (D:3)
  A scorpion (D:4)
  A jelly (D:4)
  An iguana (D:5)
  10 gnolls
  3 adders
  A shadow imp (D:4)
  An ufetubus (D:5)
  5 worms
  2 dart slugs
  7 orcs
  4 ball pythons
  13 bats
  10 endoplasms
  A giant cockroach (D:4)
  8 goblins
  2 hobgoblins
  4 jackals
  5 kobolds
  6 quokkas
  3 frilled lizards
  A rat (D:4)
91 creatures vanquished.

Vanquished Creatures (collateral kills)
  A howler monkey (D:4)
  A gnoll (D:4)
  A kobold (D:4)
3 creatures vanquished.

Grand Total: 94 creatures vanquished

Notes
Turn   | Place    | Note
-------+----------+-------------------------------------------
     0 | D:1      | qw the Tengu Warper began the quest for the Orb.
     0 | D:1      | Reached XP level 1. HP: 12/12 MP: 4/4
     0 | D:1      | 0 ||| qw: Version: 0.1-a-89-g26bdef1
     0 | D:1      | 0 ||| qw: Game counter: 2217
     0 | D:1      | 0 ||| qw: Always use a shield: true
     0 | D:1      | 0 ||| qw: God list: Okawaru
     0 | D:1      | 0 ||| qw: Allow faded altars: false
     0 | D:1      | 0 ||| qw: Do Orc after D:15 true
     0 | D:1      | 0 ||| qw: Do second Lair branch before Depths: true
     0 | D:1      | 0 ||| qw: Lair rune preference: random
     0 | D:1      | 0 ||| qw: Plans: Normal
     0 | D:1      | 0 ||| PLANNING D:1-11
   115 | D:1      | HP: 1/12 [quokka (3)]
   118 | D:1      | Reached XP level 2. HP: 2/17 MP: 6/6
   473 | D:1      | Found a faded altar of an unknown god.
   481 | D:1      | Reached skill level 3 in Axes
   770 | D:1      | 770 ||| UPGRADING to +0 pair of gloves.
   775 | D:1      | 775 ||| UPGRADING to +0 ring mail.
   785 | D:1      | 785 ||| DROPPING +0 leather armour.
   786 | D:1      | 786 ||| UPGRADING to amulet of regeneration.
   791 | D:1      | 791 ||| READING 2 scrolls labelled KYRGHA KIETA.
   792 | D:1      | 792 ||| READING scroll labelled BOT RUAJIACETT.
   793 | D:1      | 793 ||| READING scroll labelled QAZOCLA QOINIUJO.
   794 | D:1      | 794 ||| READING scroll labelled MORAASA ENGEY.
   795 | D:1      | 795 ||| DROPPING scroll of fear.
   796 | D:1      | 796 ||| DROPPING scroll of blinking.
   904 | D:2      | Reached XP level 3. HP: 21/21 MP: 7/7
  1008 | D:2      | Reached skill level 4 in Axes
  1009 | D:2      | 1009 ||| Stepping ~*~*~tactically~*~*~ (stealth).
  1010 | D:2      | 1010 ||| Stepping ~*~*~tactically~*~*~ (stealth).
  1011 | D:2      | 1011 ||| Stepping ~*~*~tactically~*~*~ (hiding).
  1013 | D:2      | 1013 ||| Stepping ~*~*~tactically~*~*~ (stealth).
  1026 | D:2      | HP: 2/21 [gnoll/+0 flail (9)]
  1029 | D:2      | Reached XP level 4. HP: 3/26 MP: 8/8
  1057 | D:2      | 1057 ||| DROPPING +0 whip.
  1195 | D:2      | Found a white marble altar of Elyvilon.
  1203 | D:2      | Reached skill level 5 in Axes
  1560 | D:2      | 1560 ||| READING scroll labelled UDAXZI CAOHOEX.
  1561 | D:2      | 1561 ||| READING scroll labelled EVOPPYA ZEMEH.
  1562 | D:2      | 1562 ||| READING scroll labelled AMNOUW QAZYAPN.
  1565 | D:2      | 1565 ||| READING scroll labelled ANESUG FEOCAR.
  1566 | D:2      | 1566 ||| DRINKING 2 brown potions.
  1567 | D:2      | 1567 ||| READING 3 scrolls of identify.
  1567 | D:2      | 1567 ||| IDENTIFYING black potion
  1568 | D:2      | 1568 ||| READING 2 scrolls of identify.
  1568 | D:2      | 1568 ||| IDENTIFYING lumpy sapphire potion
  1569 | D:2      | 1569 ||| DROPPING potion of magic.
  1633 | D:3      | 1633 ||| DROPPING +2 mace of protection.
  1815 | D:3      | Found Okit's General Store.
  1820 | D:3      | 1820 ||| BUYING potion of might (48 gold).
  1820 | D:3      | Bought a potion of might for 48 gold pieces
  1820 | D:3      | 1820 ||| SHOPLISTING ring of fire (300 gold, have 51).
  1899 | D:3      | Noticed a phantom
  1917 | D:3      | Killed a phantom
  1918 | D:3      | Reached skill level 6 in Axes
  1918 | D:3      | Gained mutation: Your magical nature lets you fly swiftly
                  | and evasively. [Tengu growth]
  1918 | D:3      | Reached XP level 5. HP: 30/30 MP: 9/9
  2045 | D:3      | Found a snail-covered altar of Cheibriados.
  2536 | D:3      | 2536 ||| DROPPING amulet of magic regeneration.
  2537 | D:3      | 2537 ||| READING scroll labelled HITRECKIRR.
  2553 | D:3      | 2553 ||| READING 3 scrolls of identify.
  2553 | D:3      | 2553 ||| IDENTIFYING smoky silvery potion
  2554 | D:3      | 2554 ||| READING 2 scrolls of identify.
  2554 | D:3      | 2554 ||| IDENTIFYING murky orange potion
  2555 | D:3      | 2555 ||| DROPPING potion of degeneration.
  2601 | D:4      | 2601 ||| PLANNING SEWER
  2632 | D:4      | HP: 4/30 [gnoll/+0 whip (5)]
  2633 | D:4      | 2633 ||| READING 2 scrolls of teleportation.
  2634 | D:4      | 2634 ||| DRINKING potion of heal wounds.
  2756 | D:4      | Reached XP level 6. HP: 35/35 MP: 10/10
  2897 | D:4      | Found a glowing drain.
  2906 | Sewer    | Entered a sewer
  2957 | Sewer    | Noticed Pargi
  2986 | Sewer    | HP: 7/35 [Pargi (2)]
  2987 | Sewer    | 2987 ||| READING 2 scrolls of teleportation.
  2991 | Sewer    | Found the +14 obsidian axe {vorpal, Mesm Drain Fly SInv}
  3002 | Sewer    | Killed Pargi
  3003 | Sewer    | Reached skill level 7 in Axes
  3033 | Sewer    | 3033 ||| SWAPPING to +14 obsidian axe {vorpal, Mesm Drain
                  | Fly SInv}.
  3034 | Sewer    | 3034 ||| DROPPING +0 hand axe.
  3065 | D:4      | 3065 ||| PLANNING D:1-11
  3174 | D:4      | Reached skill level 3 in Fighting
  3189 | D:4      | 3189 ||| Stepping ~*~*~tactically~*~*~ (stealth).
  3196 | D:4      | Reached XP level 7. HP: 41/41 MP: 11/11
  3239 | D:4      | Found an ornate altar of the Wu Jian Council.
  3311 | D:4      | Reached skill level 8 in Axes
  3484 | D:5      | Entered Level 5 of the Dungeon
  3486 | D:5      | 3486 ||| Stepping ~*~*~tactically~*~*~ (hiding).
  3497 | D:5      | Noticed a smoke demon
  3499 | D:5      | HP: 7/41 [smoke demon/ball of steam[the player character]
                  | (21)]
  3500 | D:5      | 3500 ||| READING scroll of teleportation.
  3500 | D:5      | Engulfed by a smoke demon's steam

Levels and vault maps discovered:
D:1:      lightli_arrival_flooded_house, layout_rooms,
          ebering_ecumenical_altar_webs
D:2:      layout_loops_ring, basic_altar
D:3:      layout_basic, lemuel_round_altar, serial_shops, shop
D:4:      layout_loops_ring, lemuel_crystal_altar, portal_sewer_entry_b
D:5:      minmay_goblin_kobold_castle, layout_loops_ring, tso_altar,
          grunt_temple_overflow_opulence, minmay_temple_entry_from_below_a,
          bh_walls_and_bars

Skill      XL: |  1  2  3  4  5  6  7 |
---------------+----------------------+-----
Axes           | 3 4 6 7 8 |  8.0
Fighting       | 3 |  3.1
Throwing       | |  1.0
Armour         | |  1.1
Dodging        | |  2.7
Spellcasting   | |  2.0
Translocations | |  2.4

Action                   |  1- 3 |  4- 6 |  7- 9 || total
-------------------------+-------+-------+-------++-------
Melee: Hand axe          |    46 |   200 |       ||   246
       Peck              |     8 |    30 |       ||    38
       Kick              |    13 |    53 |     3 ||    69
       Punch             |       |     1 |     1 ||     2
       Broad axe         |       |    13 |    13 ||    26
Throw: Boomerang         |     7 |       |       ||     7
  Use: Scroll            |     4 |    11 |     1 ||    16
       Potion            |       |     2 |       ||     2
Armor: Leather armour    |     8 |       |       ||     8
       Ring mail         |     3 |    83 |     3 ||    89
Dodge: Dodged            |    28 |   135 |    14 ||   177

Table legend:
 A = Non-vault XP
 B = Vault XP
 C = Vault XP percentage of total XP
 D = Non-vault monster count
 E = Vault monster count
 F = Vault count percentage of total count
                 A         B        C        D         E       F
            +---------+---------+-------+---------+---------+-------
      Total |     669 |     149 |  18.2 |      80 |      14 |  14.9
            +---------+---------+-------+---------+---------+-------
        D:1 |      19 |       0 |   0.0 |       9 |       0 |   0.0
        D:2 |     120 |       0 |   0.0 |      24 |       0 |   0.0
        D:3 |     136 |       0 |   0.0 |      16 |       0 |   0.0
        D:4 |     347 |       2 |   0.6 |      29 |       2 |   6.5
        D:5 |      47 |       4 |   7.8 |       2 |       2 |  50.0
      Sewer |       0 |     143 | 100.0 |       0 |      10 | 100.0
            +---------+---------+-------+---------+---------+-------
